 Dungeon Crawl Stone Soup version 0.25.1-2-g60ff931df9 (webtiles) character file.

Game seed: 3978408918250452902

27038 Exodus22XD the Markscentaur (level 13, 93/116 HPs)
             Began as a Centaur Hunter on Sept 12, 2020.
             Was a High Priest of Okawaru.
             Quit the game on level 6 of the Lair of Beasts on Oct 10, 2020.
             The game lasted 01:08:59 (25693 turns).

Exodus22XD the Markscentaur (Centaur Hunter)       Turns: 25693, Time: 01:08:59

Health: 93/116     AC: 25    Str: 21    XL:     13   Next: 2%
Magic:  14/20      EV:  5    Int: 14    God:    Okawaru [*****.]
Gold:   906        SH:  0    Dex: 12    Spells: 12/12 levels left

rFire    + . .     SeeInvis .   a - +1 shortbow
rCold    . . .     Gourm    .   (shield currently unavailable)
rNeg     + . .     Faith    .   t - +3 chain mail
rPois    .         Spirit   +   k - +1 helmet
rElec    .         Reflect  .   Q - +0 cloak
rCorr    .         Harm     .   y - +0 pair of gloves
MR       +....                  b - +2 centaur barding {Stlth+}
Stlth    ..........             A - amulet of guardian spirit
HPRegen  0.29/turn              U - ring "Bupikar" {rF+ MR+ Str+3 Int+4 Stlth-}
MPRegen  0.17/turn              T - ring of positive energy

@: very quick
A: large, hooves 3, deformed body, speed 2, tough skin 3
a: Heroism, Finesse, Renounce Religion


You were on level 6 of the Lair of Beasts.
You worshipped Okawaru.
Okawaru was extremely pleased with you.
You were not hungry.

You visited 3 branches of the dungeon, and saw 18 of its levels.
You also visited: Sewer.

You collected 906 gold pieces.

Inventory:

Hand Weapons
 a - a +1 shortbow (weapon)
 z - a +4 antimagic short sword
 M - the +9 flail "Waoskosu" {freeze, rPois}
   (You found it on level 2 of the Lair of Beasts)

   It has been specially enchanted to freeze those struck by it, causing extra
   injury to most foes and up to half again as much damage against particularly
   susceptible opponents.
   It can also slow down cold-blooded creatures.
   It protects you from poison.
Armour
 b - a +2 centaur barding of stealth (worn)
 k - a +1 helmet (worn)
 t - a +3 chain mail (worn)
 y - a +0 pair of gloves (worn)
 Q - a +0 cloak (worn)
Jewellery
 l - an uncursed ring of protection from fire
 A - an amulet of guardian spirit (around neck)
 J - an uncursed amulet of reflection {unknown}
 T - a ring of positive energy (right hand)
 U - the ring "Bupikar" (left hand) {rF+ MR+ Str+3 Int+4 Stlth-}
   (You found it on level 5 of the Lair of Beasts)

   [ring of protection from magic]

   It affects your strength (+3).
   It affects your intelligence (+4).
   It protects you from fire.
   It affects your resistance to hostile enchantments.
   It makes you less stealthy.
Wands
 m - a wand of iceblast (11)
 B - a wand of enslavement (17)
 C - a wand of flame (59)
 E - a wand of acid (6)
 H - a wand of random effects (36)
 L - a wand of paralysis (10)
 N - a wand of polymorph (4)
 O - a wand of digging (6)
Scrolls
 h - 7 scrolls of remove curse
 i - 3 scrolls of blinking
 j - 2 scrolls of fog
 n - 2 scrolls of enchant weapon
 o - 2 scrolls of vulnerability
 p - 6 scrolls of teleportation
 v - 2 scrolls of fear {unknown}
 x - 2 scrolls of magic mapping {unknown}
 D - a scroll of amnesia {unknown}
 F - a scroll of silence {unknown}
 G - a scroll of holy word {unknown}
 P - a scroll of enchant armour {unknown}
Potions
 c - 6 potions of curing
 e - 2 potions of berserk rage
 g - a potion of flight
 q - a potion of heal wounds
 r - 2 potions of lignification
 s - 2 potions of resistance
 u - 2 potions of brilliance
 w - a potion of haste {unknown}
 I - 3 potions of mutation {unknown}
 K - a potion of stabbing {unknown}
 R - a potion of cancellation {unknown}
Comestibles
 f - 30 rations


   Skills:
 + Level 11.3 Fighting
 + Level 17.0 Bows
 + Level 7.6 Armour
 + Level 3.5 Dodging
 - Level 0.4 Stealth
 - Level 0.1 Unarmed Combat
 * Level 9.3 Invocations
 - Level 0.5 Evocations


You had 12 spell levels left.
You didn't know any spells.
Your spell library contained the following spells:

 Spells                   Type           Power        Failure   Level  Hunger
 Animate Skeleton         Necr           N/A          91%         1    ##.....
 Apportation              Tloc           #.....       91%         1    ##.....
 Corona                   Hex            #......      91%         1    ##.....
 Sandblast                Erth           #.....       91%         1    ##.....
 Summon Butterflies       Summ           #.......     91%         1    ##.....
 Summon Small Mammal      Summ           #...         91%         1    ##.....
 Passwall                 Tmut/Erth      #.......     97%         2    ###....
 Lesser Beckoning         Tloc           #.........   100%        3    ####...
 Stone Arrow              Conj/Erth      #.....       100%        3    ####...
 Tukima's Dance           Hex            #.......     100%        3    ####...
 Petrify                  Tmut/Erth      #.......     100%        4    #####..
 Alistair's Intoxication  Tmut/Pois      #.......     100%        5    ######.
 Lee's Rapid Deconstruct  Erth           #.........   100%        5    ######.
 Invisibility             Hex            #.......     100%        6    #######


Dungeon Overview and Level Annotations

Branches:
Dungeon (11/15)            Temple (1/1) D:5            Lair (6/6) D:9
 Shoals (0/4) Lair:3        Snake (0/4) Lair:2        Slime (0/5) Lair:5
  Sewer (visited)
    Orc: D:9-12

Altars:
Ashenzari
Cheibriados
Dithmenos
Elyvilon
Fedhas
Gozag
Hepliaklqana
Kikubaaqudgha
Makhleb
Nemelex Xobeh
Okawaru
Qazlal
Ru
Sif Muna
Trog
Uskayaw
Vehumet
Wu Jian
Xom
Yredelemnul
Zin
The Shining One
Beogh

Shops:
D:4 (   D:8 *

Annotations:
D:10 3 runed translucent doors, Xicosat's ghost, novice HOTm
Lair:2 3 runed translucent doors, Froggeryz's ghost, journeyman GrCK; humannomore's ghost, journeyman TrBe
Lair:5 1 runed translucent door, Kirke


Innate Abilities, Weirdness & Mutations

You have hooves in place of feet.
Armour fits poorly on your strangely shaped body.
You cover ground very quickly.
You have extremely tough skin. (AC +3)


Message History

Aim: a water moccasin (moderately wounded)
You shoot an arrow. The arrow hits the blink frog!!
You kill the blink frog!
Okawaru accepts your kill. The water moccasin barely misses you.
Found a short sword.
The water moccasin bites you but does no damage.
Firing (i - inventory)
d - an arrow (quivered)
Press: ? - help, Shift-Dir - straight line, f - water moccasin
Aim: a water moccasin (moderately wounded)
You shoot an arrow. The arrow hits the water moccasin!
The water moccasin is severely wounded.
Your hands slow down.
A crocodile comes into view.
Unknown command.
Found 13 stones.
Unknown command.
The crocodile bites you.
You see here a short sword.
Are you sure you want to abandon this character and quit the game? (Confirm with "yes".)

#...l..###.....# #
#..Fl..###.....(# #
##F.....##......# #
#..F...####.....# #
##..k..# # #....## #
##.....# # #..St..#
.#.....# #
#..@..P###......#
##.....##....... #
#.(............# #
#..............# #
##.............#####
#.............PP.##
#..((.(((......P...
......####(<(.(.(.(
#P.........


You could see a komodo dragon, a spiny frog, a rime drake, a water moccasin, a
crocodile and 2 bullfrogs.

Vanquished Creatures
  2 hydras
  2 two-headed ogres
  Urug (Lair:2)
  A manticore (Lair:3)
  An oklob plant (Lair:5)
  Maurice (D:10)
  3 spiny frogs
  A gargoyle (D:10)
  A rime drake (Lair:5)
  3 komodo dragons
  A troll (D:10)
  7 hippogriffs
  16 blink frogs
  3 wyverns
  8 hogs
  3 basilisks
  39 yaks
  A human (D:7)
  A hungry ghost (D:9)
  A steam dragon (Lair:2)
  A vampire mosquito (Lair:6)
  3 nagas (Lair:2)
  Edmund (D:4)
  4 porcupines
  9 water moccasins
  2 sky beasts
  A swamp drake (D:9)
  An orc warrior (D:10)
  A black bear (Lair:2)
  2 eyes of draining (D:6)
  2 necrophages
  A phantom (D:7)
  3 centaurs
  4 ogres
  4 wolves (Lair:2)
  12 crocodiles
  2 wyvern zombies
  13 bullfrogs
  2 water moccasin zombies
  4 scorpions
  8 killer bees
  A wight (D:9)
  A howler monkey (D:6)
  2 electric eels (Lair:1)
  6 crimson imps
  3 centaur skeletons
  7 hounds
  3 jellies
  4 orc priests
  2 bullfrog skeletons
  Jessica (D:8)
  4 iguanas
  5 worker ants
  9 orc wizards
  A mummy (D:9)
  3 hound skeletons
  A worker ant zombie (D:7)
  2 gnolls (D:9)
  20 adders
  4 river rats (Sewer)
  5 shadow imps
  An ooze (Sewer)
  10 worms
  A dart slug (D:3)
  6 leopard geckos
  37 orcs
  7 ball pythons
  3 giant cockroaches
  11 goblins
  5 hobgoblins
  7 jackals
  13 kobolds
  4 quokkas
  3 bats
  6 frilled lizards
  A giant cockroach zombie (D:5)
  A jackal zombie (D:6)
  A leopard gecko skeleton (D:5)
  A leopard gecko zombie (D:5)
  9 rats
387 creatures vanquished.

Vanquished Creatures (others)
  A blink frog (Lair:4)
  2 fungi
  5 plants
8 creatures vanquished.

Grand Total: 395 creatures vanquished

Notes
Turn   | Place    | Note
-------+----------+-------------------------------------------
     0 | D:1      | Exodus22XD the Centaur Hunter began the quest for the Orb.
     0 | D:1      | Reached XP level 1. HP: 17/17 MP: 1/1
   226 | D:1      | Reached XP level 2. HP: 23/24 MP: 2/2
   612 | D:2      | Reached skill level 6 in Bows
  1032 | D:2      | Reached XP level 3. HP: 16/29 MP: 3/3
  1977 | D:3      | Found a sacrificial altar of Ru.
  2078 | D:3      | Found a glowing drain.
  2085 | D:3      | Reached skill level 1 in Armour
  2085 | D:3      | Reached XP level 4. HP: 27/36 MP: 4/4
  2115 | Sewer    | Entered a sewer
  3373 | Sewer    | Reached XP level 5. HP: 42/42 MP: 5/5
  4362 | D:3      | Reached skill level 7 in Bows
  5113 | D:4      | Reached XP level 6. HP: 29/51 MP: 6/6
  5318 | D:4      | Found a hazy altar of Hepliaklqana.
  5324 | D:4      | Noticed Edmund
  5434 | D:4      | Killed Edmund
  5671 | D:4      | Reached skill level 8 in Bows
  5802 | D:4      | Found a white marble altar of Elyvilon.
  5823 | D:4      | Reached XP level 7. HP: 57/57 MP: 7/7
  6019 | D:4      | Found Tabriur's Weapon Shop.
  6094 | D:5      | Entered Level 5 of the Dungeon
  6350 | D:5      | Reached skill level 9 in Bows
  6563 | D:5      | Reached skill level 10 in Bows
  6819 | D:5      | Reached XP level 8. HP: 59/66 MP: 8/8
  7217 | D:5      | Found a burning altar of Makhleb.
  7346 | D:5      | Found a staircase to the Ecumenical Temple.
  7355 | Temple   | Entered the Ecumenical Temple
  7543 | D:5      | Found a stormy altar of Qazlal.
  7553 | D:5      | Noticed a two-headed ogre
  7662 | D:5      | Killed a two-headed ogre
  7662 | D:5      | Reached skill level 5 in Fighting
  7662 | D:5      | Reached skill level 11 in Bows
  7839 | D:5      | Found an opulent altar of Gozag.
  7844 | D:5      | Found a radiant altar of Vehumet.
  8228 | D:6      | Found an ornate altar of the Wu Jian Council.
  8616 | D:6      | Found an iron altar of Okawaru.
  8629 | D:6      | Became a worshipper of Warmaster Okawaru
  8631 | D:6      | Reached XP level 9. HP: 69/74 MP: 9/9
  8889 | D:6      | Reached skill level 12 in Bows
  9032 | D:6      | Reached skill level 1 in Invocations
  9064 | D:6      | Found a bloodstained altar of Trog.
  9174 | D:6      | Found a snail-covered altar of Cheibriados.
  9356 | D:7      | Reached * piety under Okawaru
  9807 | D:7      | Reached skill level 13 in Bows
 10086 | D:7      | Reached ** piety under Okawaru
 10550 | D:8      | Reached XP level 10. HP: 84/84 MP: 12/12
 10607 | D:8      | Noticed a two-headed ogre
 10631 | D:8      | Killed a two-headed ogre
 10631 | D:8      | Reached skill level 14 in Bows
 10782 | D:8      | Found Ezxinyoq's Assorted Antiques.
 10804 | D:8      | Found an iron altar of Okawaru.
 10928 | D:7      | Reached *** piety under Okawaru
 10954 | D:7      | HP: 4/86 [poisoned by a killer bee]
 10959 | D:7      | HP: 3/86 [poisoned by a killer bee]
 10964 | D:7      | HP: 2/86 [poisoned by a killer bee]
 10971 | D:7      | HP: 1/86 [poisoned by a killer bee]
 10979 | D:7      | HP: 1/86 [poisoned by a killer bee]
 11515 | D:8      | Noticed Jessica
 11517 | D:8      | Killed Jessica
 11592 | D:8      | Found a shimmering blue altar of Sif Muna.
 11744 | D:8      | Reached skill level 5 in Armour
 12922 | D:9      | Reached skill level 5 in Invocations
 12983 | D:9      | Reached **** piety under Okawaru
 13013 | D:9      | Found a staircase to the Lair.
 13830 | D:9      | Found a shimmering altar of Xom.
 13954 | D:10     | Entered Level 10 of the Dungeon
 13972 | D:10     | Received a gift from Okawaru
 14061 | D:10     | Noticed a gargoyle
 14112 | D:10     | Killed a gargoyle
 14112 | D:10     | Reached XP level 11. HP: 61/95 MP: 10/15
 14302 | D:10     | Noticed Maurice
 15021 | D:10     | Reached skill level 15 in Bows
 15319 | D:10     | Found a runed translucent gate.
 15389 | D:10     | Killed Maurice
 15496 | D:10     | Found a runed translucent gate.
 15496 | D:10     | Noticed Xicosat's ghost (novice HOTm)
 15497 | D:10     | Found a runed translucent gate.
 15497 | D:10     | Identified the +7 chain mail of Blue Skies {Str+3}
 15503 | D:10     | Found a roughly hewn altar of Beogh.
 15758 | Lair:1   | Entered Level 1 of the Lair of Beasts
 16363 | Lair:1   | Noticed a six-headed hydra
 16703 | Lair:1   | Killed a six-headed hydra
 17146 | Lair:1   | Reached ***** piety under Okawaru
 17955 | Lair:2   | Noticed an eight-headed hydra
 18001 | Lair:2   | Killed an eight-headed hydra
 18001 | Lair:2   | Received a gift from Okawaru
 18377 | Lair:2   | Found a staircase to the Snake Pit.
 18718 | Lair:2   | Noticed Urug
 18734 | Lair:2   | Killed Urug
 18734 | Lair:2   | Reached XP level 12. HP: 51/106 MP: 5/17
 19088 | Lair:2   | Reached skill level 10 in Fighting
 19206 | Lair:2   | Found a runed translucent gate.
 19207 | Lair:2   | Found a runed translucent gate.
 19209 | Lair:2   | Found a runed translucent gate.
 19210 | Lair:2   | Noticed Froggeryz's ghost (journeyman GrCK)
 19210 | Lair:2   | Noticed humannomore's ghost (journeyman TrBe)
 19246 | Lair:2   | Reached skill level 16 in Bows
 19701 | Lair:2   | Got a dazzling flail
 19706 | Lair:2   | Identified the +9 flail "Waoskosu" {freeze, rPois} (You
                  | found it on level 2 of the Lair of Beasts)
 19794 | Lair:3   | Received a gift from Okawaru
 19876 | Lair:3   | Found a staircase to the Shoals.
 20779 | Lair:3   | Received a gift from Okawaru
 21637 | Lair:4   | Received a gift from Okawaru
 23293 | Lair:5   | Found a staircase to the Slime Pits.
 23409 | Lair:5   | Reached ****** piety under Okawaru
 23698 | Lair:5   | Got a flickering golden ring
 23737 | Lair:5   | Found a runed translucent door.
 23824 | Lair:5   | Noticed Kirke
 23920 | Lair:5   | Noticed an eight-headed hydra
 24676 | Lair:5   | Noticed a sphinx
 25206 | Lair:5   | Identified the ring "Bupikar" {rF+ MR+ Str+3 Int+4 Stlth-}
                  | (You found it on level 5 of the Lair of Beasts)
 25239 | Lair:5   | Reached skill level 17 in Bows
 25544 | Lair:6   | Entered Level 6 of the Lair of Beasts
 25618 | Lair:6   | Reached XP level 13. HP: 116/116 MP: 19/19
 25693 | Lair:6   | Quit the game

Illustrated notes

Levels and vault maps discovered:
D:1:      wander_arrival_estate, layout_rooms, serial_forest,
          infiniplex_forest_clump_tiny, infiniplex_forest_lined_corner,
          infiniplex_forest_lined_3, infiniplex_forest_straight_4,
          infiniplex_forest_fountain, infiniplex_forest_straight_5,
          infiniplex_forest_lined_2
D:2:      layout_basic
D:3:      layout_loops_ring, nicolae_ru_the_path_less_chosen,
          cheibrodos_sewer_entry_drain
D:4:      layout_basic, overflow_temple_1_default, elyvilon_altar_3,
          serial_shops, kennysheep_little_box, wad_floor_pattern_untrapped,
          minmay_ogre_servants, uniq_edmund
D:5:      minmay_razor_zed, layout_loops_cross, lemuel_doored_altar,
          overflow_temple_1_default, gammafunk_temple_overflow_pools,
          minmay_temple_entry_poolview, first_ration,
          hangedman_abyss_or_decor_passed
D:6:      layout_cave_pools, lemuel_crystal_altar, trog_eyes_of_draining,
          slow_altar_1, basic_altar, minmay_tree_intersection,
          chequers_serial_rivers_micro_e
D:7:      layout_loops_ring, grunt_livestock, lemuel_statue_altar
D:8:      layout_cave_pools, tgw_sif, okawaru_ov_weapons_minmay, serial_shops,
          shop, chequers_serial_rivers_micro_a, minmay_misc_feat_x
D:9:      layout_roguey, tgw_xom, erik_lair_dragon, serial_undead,
          serial_undead_e, serial_undead_e, serial_undead_f, serial_undead_f,
          minmay_fractal_squares_diagonal_5
D:10:     layout_basic, biasface_ghost_orc_armoury, uniq_maurice
D:11:     layout_cave_pools, portal_ice_cave_entry_imps, minivault_28,
          uniq_harold
Temple:   dpeg_three_leaves_temple
Lair:1:   layout_gridlike, infiniplex_staircase_pool_2, serial_bayou_shore_a,
          lemuel_fruit_tree
Lair:2:   layout_gridlike, minmay_snake_entry_guardpost_small,
          gammafunk_ghost_cemetery, grunt_megastairs_2,
          infiniplex_staircase_pool, uniq_urug
Lair:3:   layout_regular_city, minmay_shoals_entry_beasts, st_stairs_3,
          minivault_19, chequers_serial_rivers_micro_c
Lair:4:   layout_small_grid, lemuel_old_faithful, grunt_megastairs_5,
          serial_bayou_shore_b
Lair:5:   layout_layer_cave, minmay_slime_entry_oklob_open, pf_torpor_hydra,
          uniq_kirke
Lair:6:   minmay_lair_end_frog_pond, layout_long_grid, lemuel_fruit_fields

Skill      XL: |  1  2  3  4  5  6  7  8  9 10 11 12 |
---------------+-------------------------------------+-----
Bows           | 6 7 8 10 11 13 14 15 17 | 17.0
Armour         | 1 2 3 4 5 6 7 |  7.6
Dodging        | 2 3 |  3.5
Fighting       | 3 4 5 6 8 9 11 | 11.3
Invocations    | 3 5 7 9 |  9.3
Stealth        | |  0.4
Unarmed Combat | |  0.1
Evocations     | |  0.5

Action                   |  1- 3 |  4- 6 |  7- 9 | 10-12 | 13-15 || total
-------------------------+-------+-------+-------+-------+-------++-------
Melee: Short sword       |   120 |   170 |   227 |   122 |       ||   639
       Kick              |    25 |    28 |    57 |    36 |       ||   146
       Unarmed           |       |       |       |    15 |       ||    15
 Fire: Shortbow          |       |   117 |   347 |  1496 |    26 ||  1986
Invok: Heroism           |       |       |       |     6 |     1 ||     7
       Finesse           |       |       |       |     3 |     1 ||     4
Evoke: Wand              |       |       |       |     4 |       ||     4
  Use: Potion            |     2 |     1 |     1 |     4 |       ||     8
       Scroll            |       |       |     8 |    11 |       ||    19
  Eat: Chunk             |     3 |    10 |    12 |    35 |       ||    60
       Ration            |       |       |       |     1 |       ||     1
Armor: Leather armour    |    22 |       |       |       |       ||    22
       Scale mail        |    11 |    73 |       |       |       ||    84
       Chain mail        |       |     2 |   235 |   310 |    26 ||   573
Dodge: Dodged            |    57 |    64 |    95 |   135 |    15 ||   366
